Workbook

Sheet Chapter 3
D3: Ross, Westerfield, Jaffe, and Jordan's Excel Master
D4: Corporate Finance, 13th edition
D5: by Brad Jordan and Joe Smolira
D6: Version 13.0
D8: Chapter 3
D10: In these spreadsheets, you will learn how to use the following Excel functions:
D22: The following conventions are used in these spreadsheets:
D24: 1) Given data in blue
D25: 2) Calculations in red
D27: NOTE: Some functions used in these spreadsheets may require that
D28: the "Analysis ToolPak" or "Solver Add-In" be installed in Excel.
D29: To install these, click on the File tab
... D32: "Solver Add-In," then click "OK."

Sheet Section 3.1
B2: Chapter 3 - Section 1
B3: Financial Statements Analysis
A5: Below, we have the balance sheets for Prufrock Corporation. Each account also has a calculation column to show the change in that account.
B7: Prufrock Corporation
B8: 2021 and 2022 Balance Sheets (in millions)
D9: 2021 | E9: 2022 | F9: Change | J9: 2021 | K9: 2022 | L9: Change
B10: Current assets | H10: Current liabilities
B11: Cash | D11: 84 | E11: 98 | F11: =E11-D11 -> 14 | H11: Accounts payable | J11: 312 | K11: 344 | L11: =K11-J11 -> 32
B12: Accounts receivable | D12: 165 | E12: 188 | F12: =E12-D12 -> 23 | H12: Notes payable | J12: 231 | K12: 196 | L12: =K12-J12 -> -35
B13: Inventory | D13: 393 | E13: 422 | F13: =E13-D13 -> 29 | H13: Total | J13: =J11+J12 -> 543 | K13: =K11+K12 -> 540 | L13: =K13-J13 -> -3
B14: Total | D14: =D11+D12+D13 -> 642 | E14: =E11+E12+E13 -> 708 | F14: =E14-D14 -> 66 | H14: Long-term debt | J14: 531 | K14: 457 | L14: =K14-J14 -> -74
H15: Owners' equity
B16: Fixed assets | H16: Common stock and
B17: Net plant and equipment | D17: 2731 | E17: 2880 | F17: =E17-D17 -> 149 | H17: paid-in surplus | J17: 500 | K17: 550 | L17: =K17-J17 -> 50
H18: Retained earnings | J18: 1799 | K18: 2041 | L18: =K18-J18 -> 242
H19: Total | J19: =J17+J18 -> 2299 | K19: =K17+K18 -> 2591 | L19: =K19-J19 -> 292
B21: Total assets | D21: =D14+D17 -> 3373 | E21: =ROUND(E14+E17,0) -> 3588 | F21: =E21-D21 -> 215 | H21: Total liabilities and equity | J21: =J13+J14+J19 -> 3373 | K21: =K13+K14+K19 -> 3588 | L21: =K21-J21 -> 215
A24: To construct a common-size balance sheet in Excel we need to divide all the asset accounts by total assets and all liabilities and equity accounts by total liabilities and equity. A time saving shortcut in Excel is to use an absolute reference.
B26: Prufrock Corporation
B27: 2021 and 2022 Common-Size Balance Sheets ($ millions)
D28: 2021 | E28: 2022 | F28: Change | J28: 2021 | K28: 2022 | L28: Change
B29: Current assets | H29: Current liabilities
B30: Cash | D30: =D11/$D$21 -> 0.024903647 | E30: =E11/$E$21 -> 0.027313266 | F30: =E30-D30 -> 0.0024096198 | H30: Accounts payable | J30: =J11/$J$21 -> 0.092499259 | K30: =K11/$K$21 -> 0.095875139 | L30: =K30-J30 -> 0.0033758805
B31: Accounts receivable | D31: =D12/$D$21 -> 0.048917877 | E31: =E12/$E$21 -> 0.052396878 | F31: =E31-D31 -> 0.0034790012 | H31: Notes payable | J31: =J12/$J$21 -> 0.068485028 | K31: =K12/$K$21 -> 0.054626533 | L31: =K31-J31 -> -0.013858495
B32: Inventory | D32: =D13/$D$21 -> 0.11651349 | E32: =E13/$E$21 -> 0.11761427 | F32: =E32-D32 -> 0.0011007803 | H32: Total | J32: =J13/$J$21 -> 0.16098429 | K32: =K13/$K$21 -> 0.15050167 | L32: =K32-J32 -> -0.010482615
B33: Total | D33: =D14/$D$21 -> 0.19033501 | E33: =E14/$E$21 -> 0.19732441 | F33: =E33-D33 -> 0.0069894014 | H33: Long-term debt | J33: =J14/$J$21 -> 0.15742662 | K33: =K14/$K$21 -> 0.12736901 | L33: =K33-J33 -> -0.030057615
H34: Owners' equity
B35: Fixed assets | H35: Common stock and
B36: Net plant and equipment | D36: =D17/$D$21 -> 0.80966499 | E36: =E17/$E$21 -> 0.80267559 | F36: =E36-D36 -> -0.0069894014 | H36: paid-in surplus | J36: =J17/$J$21 -> 0.14823599 | K36: =K17/$K$21 -> 0.15328874 | L36: =K36-J36 -> 0.0050527485
H37: Retained earnings | J37: =J18/$J$21 -> 0.5333531 | K37: =K18/$K$21 -> 0.56884058 | L37: =K37-J37 -> 0.035487482
H38: Total | J38: =J19/$J$21 -> 0.68158909 | K38: =K19/$K$21 -> 0.72212932 | L38: =K38-J38 -> 0.04054023
B40: Total assets | D40: =D21/$D$21 -> 1 | E40: =E21/$E$21 -> 1 | F40: =E40-D40 -> 0 | H40: Total liabilities and equity | J40: =J21/$J$21 -> 1 | K40: =K21/$K$21 -> 1 | L40: =K40-J40 -> 0
A43: RWJ Excel Tip
A44: Use an absolute reference whenever you want to reference the same cell, column, or row. In this case, we wanted to divide every asset account in 2021 by cell D21. To accomplish this more efficiently, we entered the equation in cell D30 as D11/D21, then put $ signs in front of the D and the 21 in the denominator like this: $D$21. (Note, a quick way to do this is when the cursor is on the cell you want to make an absolute reference, hit the F4 key.) Once we entered this equation with an absolute reference, we can copy and paste the equation to other cells and it will always divide by the value in cell D21. If you want to reference an absolute row, put a $ sign in front of the cell number and not the column letter (D$21). To use an absolute column reference, put the dollar sign in front of the cell letter and not the number of the cell ($D21).
A46: We would like to construct a sources and uses statement to show which accounts created cash and which accounts used cash; however, a strict sources and uses statement is problematic. Each account can be a source or use, so we would end up with a lot of empty rows in both the sources and uses sections. Instead, we will calculate the sources and uses in one table below. An increase in an asset is a use of cash, a decrease in an asset is a source of cash, an increase in a liability is a source of cash, and a decrease in a liability is a use of cash. We will use negative signs to denote a use of cash and positive numbers to denote sources of cash. The column labeled "Account" will show the account name and whether there was an increase or decrease in that account.
A48: RWJ Excel Tip
A49: IF statements are used for a logical test. The IF function is located under Logical. The basic format of an IF statement is =IF(logical_test,[value_if_true],[value_if_false]). In an IF statement, we determine the possible conditions first, then determine what value we want if the test is true, or else the value in the cell will be false. For example, in this case, our possible conditions are that each account will be a source of funds or a use of funds (we will ignore the possibility that the accounts are unchanged, and therefore neither a source or use of funds in this example.) If an asset account increases in value, it is a use of funds and if an asset account decreases in value it is a source of funds. So, for each account we will test if each account increased in value or not. If it did increase in value, we will label it as a use of funds and if it decreased in value we will label it as a source of funds. To have an IF statement return text, put the text in quotes. The format for the inventory account is:
B67: Account | H67: Cash flow
B68: =IF(E12>D12,"Increase in accounts receivable is a use of cash:","Decrease in accounts receivable is a source of cash:") -> Increase in accounts receivable is a use of cash: | H68: =D12-E12 -> -23
B69: =IF(E13>D13,"Increase in inventory is a use of cash:","Decrease in inventory is a source of cash:") -> Increase in inventory is a use of cash: | H69: =D13-E13 -> -29
B70: =IF(E17>D17,"Increase in fixed assets receivable is a use of cash:","Decrease in fixed assets is a source of cash:") -> Increase in fixed assets receivable is a use of cash: | H70: =D17-E17 -> -149
B71: =IF(K11>J11, "Increase in accounts payable is a source of cash:","Decrease in accounts payable is a use of cash:") -> Increase in accounts payable is a source of cash: | H71: =K11-J11 -> 32
B72: =IF(K13>J13, "Increase in notes payable is a source of cash:","Decrease in notes payable is a use of cash:") -> Decrease in notes payable is a use of cash: | H72: =K12-J12 -> -35
B73: =IF(K14>J14, "Increase in long-term debt is a source of cash:","Decrease in long-term debt is a use of cash:") -> Decrease in long-term debt is a use of cash: | H73: =K14-J14 -> -74
B74: =IF(K17>J17, "Increase in common stock is a source of cash:","Decrease in common stock is a use of cash:") -> Increase in common stock is a source of cash: | H74: =K17-J17 -> 50
B75: =IF(K18>J18, "Increase in retained earnings is a source of cash:","Decrease in retained earnings is a use of cash:") -> Increase in retained earnings is a source of cash: | H75: =K18-J18 -> 242
A77: We would also like a total of the sources and uses of cash. A simple SUM will not work, but SUMIF will accomplish our goal.
A79: RWJ Excel Tip
A80: To sum only the positive numbers and sum only the negative numbers, we used the SUMIF function. The SUMIF function is located under the Math & Trig functions. The input box we used for the sources of cash looks like this:
B98: Sources of cash: | H98: =SUMIF(H68:H75,">0") -> 324
B99: Uses of cash: | H99: =SUMIF(H68:H75,"<0") -> -310
B100: Net additions to cash: | H100: =SUM(H98:H99) -> 14
A102: The income statement and common-size income statement for Prufrock are:
B104: Tax rate | D104: 0.21
B106: Prufrock Corporation
B107: 2022 Income Statement
B108: Sales | E108: 2311
B109: Cost of goods sold | E109: 1435
B110: Depreciation | E110: 276
B111: Earnings before interest and taxes | E111: =ROUND(E108-E109-E110,0) -> 600
B112: Interest paid | E112: 141
B113: Taxable income | E113: =E111-E112 -> 459
B114: ="Taxes ("&D104*100&"%)" -> Taxes (21%) | E114: =D104*E113 -> 96.39
B115: Net income | E115: =E113-E114 -> 362.61
B117: Dividends | E117: 121
B118: Addition to retained earnings | E118: =E115-E117 -> 241.61
B122: Prufrock Corporation
B123: 2022 Common-Size Income Statement
B124: Sales | E124: =E108/$E$108 -> 1
B125: Cost of goods sold | E125: =E109/$E$108 -> 0.62094331
B126: Depreciation | E126: =E110/$E$108 -> 0.11942882
B127: Earnings before interest and taxes | E127: =E111/$E$108 -> 0.25962787
B128: Interest paid | E128: =E112/$E$108 -> 0.061012549
B129: Taxable income | E129: =E113/$E$108 -> 0.19861532
B130: ="Taxes ("&D104*100&"%)" -> Taxes (21%) | E130: =E114/$E$108 -> 0.041709217
B131: Net income | E131: =E115/$E$108 -> 0.1569061
B133: Dividends | E133: =E117/$E$108 -> 0.052358286
B134: Addition to retained earnings | E134: =E118/$E$108 -> 0.10454781

Sheet Section 3.2
B2: Chapter 3 - Section 2
B3: Ratio Analysis
A5: To compare the performance of companies, rather than compare the financial statements, financial ratios are often used. Ratios are divided into categories based on what each ratio measures. Below, we calculate some basic financial ratios for Prufrock for 2022:
B7: Short-Term Solvency, or Liquidity, Measures
B8: Current ratio | D8: ='Section 3.1'!E14/'Section 3.1'!K13 -> 1.3111111 | E8: times
B9: Quick ratio | D9: =('Section 3.1'!E14-'Section 3.1'!E13)/'Section 3.1'!K13 -> 0.52962963 | E9: times
B10: Cash ratio | D10: ='Section 3.1'!E11/'Section 3.1'!K13 -> 0.18148148 | E10: times
B11: NWC ratio | D11: =('Section 3.1'!E14-'Section 3.1'!K13)/'Section 3.1'!E21 -> 0.046822742
B12: Interval measure | D12: ='Section 3.1'!E14/('Section 3.1'!E109/365) -> 180.08362 | E12: days
B14: Long-Term Solvency Measures
B15: Total debt ratio | D15: =('Section 3.1'!E21-'Section 3.1'!K19)/'Section 3.1'!E21 -> 0.27787068 | E15: times
B16: Debt-equity ratio | D16: =('Section 3.1'!K13+'Section 3.1'!K14)/'Section 3.1'!K19 -> 0.38479352 | E16: times
B17: Equity multiplier | D17: ='Section 3.1'!E21/'Section 3.1'!K19 -> 1.3847935 | E17: times
B18: Long-term debt ratio | D18: ='Section 3.1'!K14/('Section 3.1'!K14+'Section 3.1'!K19) -> 0.14993438 | E18: times
B19: Times interest earned | D19: ='Section 3.1'!E111/'Section 3.1'!E112 -> 4.2553191 | E19: times
B20: Cash coverage | D20: =('Section 3.1'!E111+'Section 3.1'!E110)/'Section 3.1'!E112 -> 6.212766 | E20: times
B22: Asset Management, or Turnover, Measures
B23: Inventory turnover | D23: ='Section 3.1'!E109/'Section 3.1'!E13 -> 3.4004739 | E23: times
B24: Days' sales in inventory | D24: =365/D23 -> 107.33798 | E24: days
B25: Receivables turnover | D25: ='Section 3.1'!E108/'Section 3.1'!E12 -> 12.292553 | E25: times
B26: Days' sales in receivables | D26: =365/D25 -> 29.692774 | E26: days
B27: NWC turnover | D27: ='Section 3.1'!E108/('Section 3.1'!E14-'Section 3.1'!K13) -> 13.755952 | E27: times
B28: Fixed asset turnover | D28: ='Section 3.1'!E108/'Section 3.1'!E17 -> 0.80243056 | E28: times
B29: Total asset turnover | D29: ='Section 3.1'!E108/'Section 3.1'!E21 -> 0.64409142 | E29: times
B31: Profitability Measures
B32: Profit margin | D32: ='Section 3.1'!E115/'Section 3.1'!E108 -> 0.1569061
B33: EBITDA margin | D33: =('Section 3.1'!E111+'Section 3.1'!E110)/'Section 3.1'!E108 -> 0.37905669
B34: Return on assets (ROA) | D34: =IF('Section 3.1'!E115/'Section 3.1'!E21>0,'Section 3.1'!E115/'Section 3.1'!E21,"NMF") -> 0.10106187
B35: Return on equity (ROE) | D35: =IF('Section 3.1'!E115/'Section 3.1'!K19>0,'Section 3.1'!E115/'Section 3.1'!K19,"NMF") -> 0.13994983
B37: Since ROA and ROE are intended to measure performance over a prior period, often the average assets and average equity, respectively, are used in the calculation. The ROA and ROE using averages in the denominator are:
B39: ROA with average assets | D39: ='Section 3.1'!E115/(('Section 3.1'!E21+'Section 3.1'!D21)/2) -> 0.10418331
B40: ROE with average equity | D40: ='Section 3.1'!E115/(('Section 3.1'!K19+'Section 3.1'!J19)/2) -> 0.14830675
B42: Market Value Measures
B43: Market value ratios use other numbers such as shares outstanding and share price that are not found on the balance sheet. The other numbers we need are:
B45: Shares outstanding | D45: 33 | E45: (in millions)
B46: Price per share | D46: 88
B48: Earnings per share (EPS) | D48: ='Section 3.1'!E115/'Section 3.2'!D45 -> 10.988182
B49: Price-earnings ratio (PE) | D49: =IF(D46/D48>0,D46/D48,"NMF") -> 8.0086043 | E49: times
B50: Price-sales ratio | D50: =D46/('Section 3.1'!E108/'Section 3.2'!D45) -> 1.2565989 | E50: times
B51: Market-to-book ratio | D51: =D46/('Section 3.1'!K19/'Section 3.2'!D45) -> 1.1208028 | E51: times
A53: RWJ Excel Tip
A54: We used a "trick" in the calculation of ROA, ROE, and the price-earnings ratio. You can always mathematically calculate a ratio, however what happens when the denominator is negative? While this is very unlikely to happen with ratios such as the current ratio, it does happen in these three ratios when the net income is negative, or if the equity is negative. In this case, these ratios are often reported as "NMF" for "No meaningful figure." Excel will try to calculate the ratio, as since the denominator is negative, Excel will report "#DIV/0" to let you know you have tried to divide by zero. We prefer to see "NMF," so we used an IF statement to display "NMF" if these ratios are negative. Do you see any of these other ratios which could be negative?
A57: Financial ratio analysis is very much a management by exception tool. When you are analyzing ratios, a number by itself tells you very little. However, whenever a ratio is above or below some level, it tells us that something is different. It is up to us to determine if that difference is good or bad. We can always compare each ratio to the industry average, or some ratio target, but looking through columns of numbers can be difficult. Excel has a conditional formatting function which will allow you to change the display for numbers within a specified range or outside a specified range. In this case, we have a range in mind, so we want to change the font color of the calculated number, as well as the cell color if the company's ratio is outside a specified range. Additionally, we used a basic IF statement to tell us specifically if the ratio appears to be too high, too low, or within the acceptable range.
A59: While we used factors of 0.75 and 1.25, these factors could be higher or lower depending on the industry. If you change these factors in the spreadsheet, Excel will automatically change the graphics to match the new calculations.
A62: RWJ Excel Tip
A63: In our conditional formatting, on the Home tab, we selected Conditional Formatting, and New Rule. This allows us to create a rule for the conditional formatting. We selected "Format only cells that contain" and then used the pulldown menu to choose "not between." The next two cells allow us to enter the calculations, so we entered a formula to multiply the industry ratio by the lower bound and the industry ratio by the upper bound. Next, we selected "Format.." on this window. The "Format.." option took us to another window that allows you to specify the font color, cell color fill, and more. We made the font color white and the cell fill red if the company's ratio is outside the range specified in the 3rd and 4th inputs. Below, you will see our inputs for the current ratio cell.
C85: Lower range: | E85: 0.75
C86: Upper range: | E86: 1.25
C88: Short-Term Solvency, or Liquidity, Measures | G88: Average
C89: Current ratio: | E89: ='Section 3.2'!D8 -> 1.3111111 | G89: 1.39 | H89: =IF(E89<G89*$E$85,"Too low?",IF(E89>G89*$E$86,"Too high?","Looks OK.")) -> Looks OK.
C90: Quick ratio: | E90: ='Section 3.2'!D9 -> 0.52962963 | G90: 0.85 | H90: =IF(E90<G90*$E$85,"Too low?",IF(E90>G90*$E$86,"Too high?","Looks OK.")) -> Too low?
C91: Cash ratio: | E91: ='Section 3.2'!D10 -> 0.18148148 | G91: 0.35 | H91: =IF(E91<G91*$E$85,"Too low?",IF(E91>G91*$E$86,"Too high?","Looks OK.")) -> Too low?
C93: Long-Term Solvency Measures
C94: Total debt ratio: | E94: ='Section 3.2'!D15 -> 0.27787068 | G94: 0.19 | H94: =IF(E94<G94*$E$85,"Too low?",IF(E94>G94*$E$86,"Too high?","Looks OK.")) -> Too high?
C95: Debt-equity ratio: | E95: ='Section 3.2'!D16 -> 0.38479352 | G95: 0.29 | H95: =IF(E95<G95*$E$85,"Too low?",IF(E95>G95*$E$86,"Too high?","Looks OK.")) -> Too high?
C96: Equity multiplier: | E96: ='Section 3.2'!D17 -> 1.3847935 | G96: =1+G95 -> 1.29 | H96: =IF(E96<G96*$E$85,"Too low?",IF(E96>G96*$E$86,"Too high?","Looks OK.")) -> Looks OK.
C97: Times interest earned: | E97: ='Section 3.2'!D19 -> 4.2553191 | G97: 3.8 | H97: =IF(E97<G97*$E$85,"Too low?",IF(E97>G97*$E$86,"Too high?","Looks OK.")) -> Looks OK.
C98: Cash coverage: | E98: ='Section 3.2'!D20 -> 6.212766 | G98: 4.15 | H98: =IF(E98<G98*$E$85,"Too low?",IF(E98>G98*$E$86,"Too high?","Looks OK.")) -> Too high?
C100: Asset Management, or Turnover, Measures
C101: Inventory turnover: | E101: ='Section 3.2'!D23 -> 3.4004739 | G101: 2.95 | H101: =IF(E101<G101*$E$85,"Too low?",IF(E101>G101*$E$86,"Too high?","Looks OK.")) -> Looks OK.
C102: Days' sales in inventory: | E102: ='Section 3.2'!D24 -> 107.33798 | G102: =365/G101 -> 123.72881 | H102: =IF(E102<G102*$E$85,"Too low?",IF(E102>G102*$E$86,"Too high?","Looks OK.")) -> Looks OK.
C103: Receivables turnover: | E103: ='Section 3.2'!D25 -> 12.292553 | G103: 14.15 | H103: =IF(E103<G103*$E$85,"Too low?",IF(E103>G103*$E$86,"Too high?","Looks OK.")) -> Looks OK.
C104: Days' sales in receivables: | E104: ='Section 3.2'!D26 -> 29.692774 | G104: =365/G103 -> 25.795053 | H104: =IF(E104<G104*$E$85,"Too low?",IF(E104>G104*$E$86,"Too high?","Looks OK.")) -> Looks OK.
C105: Fixed asset turnover: | E105: ='Section 3.2'!D28 -> 0.80243056 | G105: 0.93 | H105: =IF(E105<G105*$E$85,"Too low?",IF(E105>G105*$E$86,"Too high?","Looks OK.")) -> Looks OK.
C106: Total asset turnover: | E106: ='Section 3.2'!D29 -> 0.64409142 | G106: 0.71 | H106: =IF(E106<G106*$E$85,"Too low?",IF(E106>G106*$E$86,"Too high?","Looks OK.")) -> Looks OK.
C108: Profitability Measures
C109: Profit margin: | E109: ='Section 3.2'!D32 -> 0.1569061 | G109: 0.1783 | H109: =IF(E109<G109*$E$85,"Too low?",IF(E109>G109*$E$86,"Too high?","Looks OK.")) -> Looks OK.
C110: Return on assets (ROA): | E110: ='Section 3.2'!D34 -> 0.10106187 | G110: 0.1218 | H110: =IF(E110<G110*$E$85,"Too low?",IF(E110>G110*$E$86,"Too high?","Looks OK.")) -> Looks OK.
C111: Return on equity (ROE): | E111: ='Section 3.2'!D35 -> 0.13994983 | G111: 0.1583 | H111: =IF(E111<G111*$E$85,"Too low?",IF(E111>G111*$E$86,"Too high?","Looks OK.")) -> Looks OK.
A113: A quick glance indicates that Prufrock's liquidity ratios and long-term solvency ratios are generally outside the ranges we set, while the asset management and profitability ratios appear to be similar to the industry average for all of the ratios in these two categories. This means we should investigate the causes of the differences in the liquidity ratios and long-term solvency ratios.

Sheet Section 3.3
B2: Chapter 3 - Section 3
B3: The DuPont Identity
A5: The three-factor DuPont equation separates the ROE into 3 components. For Prufrock, the three-factor DuPont equation is:
B7: ROE = | C7: Profit margin ´ Total asset turnover ´ Equity multiplier
B8: ROE = | C8: ='Section 3.2'!D32 -> 0.1569061 | D8: ´ | E8: ='Section 3.2'!D29 -> 0.64409142 | F8: ´ | G8: ='Section 3.2'!D17 -> 1.3847935
B9: ROE = | C9: =C8*E8*G8 -> 0.13994983
A11: This is exactly the same as the ROE we previously calculated, but it breaks ROE into its components. Of course, ROE can be further subdivided, which we will do next. The abbreviated financial statements for Tesla for 2021 were:
B13: Tesla Income Statement | F13: Tesla Balance Sheet
B14: 12 months ending Dec 31, 2021 | F14: 12 months ending Dec 31, 2021
B15: (in millions) | F15: (in millions)
B16: Sales | D16: 31536 | F16: Assets | J16: Liabilities and Owners' Equity
B17: CoGS | D17: 24906 | F17: Current assets | J17: Current liabilities
B18: Gross profit | D18: =D16-D17 -> 6630 | F18: Cash | H18: 19384 | J18: Accounts payable | L18: 8483
B19: SG&A expenses | D19: 3145 | F19: Accounts receivable | H19: 1886 | J19: Notes payable | L19: 5765
B20: Depreciation | D20: 1491 | F20: Inventory | H20: 5447
B21: EBIT | D21: =D18-D19-D20 -> 1994 | F21: Total | H21: =H18+H19+H20 -> 26717 | J21: Total | L21: =SUM(L18:L20) -> 14248
B22: Interest | D22: 840
B23: EBT | D23: =D21-D22 -> 1154 | J23: Long-term debt | L23: 14825
B24: Taxes | D24: 292
B25: Net income | D25: =D23-D24 -> 862 | F25: Fixed assets | H25: 25431 | J25: Total equity | L25: 23075
J27: Total liabilities and
F28: Total assets | H28: =H21+H25 -> 52148 | J28: owner's equity | L28: =L21+L23+L25 -> 52148
A31: Now we can show an expanded DuPont analysis, which is:
F34: Return on equity
F35: =D39*H39 -> 0.037356446
D38: ROA | H38: Equity multiplier
D39: =C43*H43 -> 0.016529877 | H39: =H28/L25 -> 2.259935
C42: Profit margin | H42: Total asset turnover
C43: =C47/E47 -> 0.027333841 | H43: =H47/J47 -> 0.60474035
C46: Net income | E46: Sales | H46: Sales | J46: Total assets
C47: =D25 -> 862 | E47: =D16 -> 31536 | H47: =D16 -> 31536 | J47: =I51+K51 -> 52148
C50: Total costs | E50: Sales | I50: Fixed assets | K50: Current assets
C51: =B55+B59+D55+D59+D63 -> 30674 | E51: =D16 -> 31536 | I51: =H25 -> 25431 | K51: =J59+K55+L59 -> 26717
B54: Cost of goods sold | D54: Dep. | K54: Cash
B55: =D17 -> 24906 | D55: =D20 -> 1491 | K55: =H18 -> 19384
B58: Selling, general, & admin. expense | D58: Interest | J58: Accounts receivable | L58: Inventory
B59: =D19 -> 3145 | D59: =D22 -> 840 | J59: =H19 -> 1886 | L59: =H20 -> 5447
D62: Taxes
D63: =D24 -> 292
A65: RWJ Excel Tip
A66: To insert the mathematical instructions, we used text boxes. To insert a text box, go to "Insert" and select "Text Box." Text boxes allow you to enter text that is "linked" to the position in which you put the box. Although we could have entered the text in a cell, text boxes in this case allow the text to go across multiple rows and/or columns, which can often look more professional. Text boxes are also very useful in graphing, which we will show later. To draw the lines between the boxes, we went to "Insert" and selected "Shapes." We chose the straight line, although many other choices are available.

Sheet Section 3.4
B2: Chapter 3 - Section 4
B3: Financial Models
A5: A Simple Financial Planning Model
A6: A financial plan begins with the current financial statements. The income statement and balance sheet for Computerfield Corporation are:
B8: COMPUTERFIELD CORPORATION | F8: COMPUTERFIELD CORPORATION
B9: Income Statement | F9: Balance Sheet
B10: Sales | D10: 1000 | F10: Assets | G10: 500 | I10: Debt | J10: 250
B11: Costs | D11: 800 | I11: Equity | J11: 250
B12: Net income | D12: =D10-D11 -> 200 | F12: Total | G12: =G10 -> 500 | I12: Total | J12: =J10+J11 -> 500
A15: To find the fund the company will need to raise next year to funds its sales growth, we begin with the forecasted sales growth. In this case, we will assume that the sales growth for the next year will be:
B17: Sales growth | D17: 0.2
A19: If sales grow by this amount, we can construct the pro forma, or projected financial statements. Under the assumption that all of the variables will grow by the sales growth rate, the pro forma statements will be:
B21: COMPUTERFIELD CORPORATION | F21: COMPUTERFIELD CORPORATION
B22: Pro forma Income Statement | F22: Pro forma Balance Sheet
B24: Sales | D24: =D10*(1+$D$17) -> 1200 | F24: Assets | G24: =G10*(1+$D$17) -> 600 | I24: Debt | J24: =J10*(1+$D$17) -> 300
B25: Costs | D25: =D11*(1+$D$17) -> 960 | I25: Equity | J25: =J11*(1+$D$17) -> 300
B26: Net income | D26: =D24-D25 -> 240 | F26: Total | G26: =G24 -> 600 | I26: Total | J26: =J24+J25 -> 600
A29: The advantage of financial planning is that it allows us to see what could happen in the future and the options available. For example, in this case the following must have occurred:
B31: Debt increased by | F31: =J24-J10 -> 50
B32: Net income was | F32: =D26 -> 240
B33: So, dividends paid must have been | F33: =D26-(J25-J11) -> 190
A35: Of course, that is not the only option available to Computerfield. The company could also keep all of the net income as retained earnings. If this happens, the company will need to repurchase debt in order to keep the balance sheet in balance. The pro forma balance sheet under this scenario will be:
F37: COMPUTERFIELD CORPORATION
F38: Pro forma Balance Sheet
F40: Assets | G40: =G24 -> 600 | I40: Debt | J40: =J42-J41 -> 110
I41: Equity | J41: =J11+D26 -> 490
F42: Total | G42: =G40 -> 600 | I42: Total | J42: =G42 -> 600
A45: Remember, the purpose of financial planning is not to tell us what to do, but rather allow us to see what might happen and plan for any contingencies.
A47: The Percentage of Sales Approach
A48: Below, we have the financial statements for Rosengarten Corporation. Notice, we have an input cell for the tax rate since it is possible that the tax rate will change over time.
B50: Tax rate: | D50: 0.21
B52: ROSENGARTEN CORPORATION | F52: ROSENGARTEN CORPORATION
B53: Income Statement | F53: Balance Sheet
B54: Sales | D54: 1000 | F54: Current assets | I54: Current liabilities
B55: Costs | D55: 832.91139 | F55: Cash | H55: 160 | I55: Accounts payable | K55: 300
B56: Taxable income | D56: =D54-D55 -> 167.08861 | F56: Accounts receivable | H56: 440 | I56: Notes payable | K56: 100
B57: ="Taxes ("&D50*100&"%)" -> Taxes (21%) | D57: =D56*D50 -> 35.088608 | F57: Inventory | H57: 600 | I57: Total | K57: =K55+K56 -> 400
B58: Net income | D58: =D56-D57 -> 132 | F58: Total | H58: =H55+H56+H57 -> 1200 | I58: Long-term debt | K58: 800
I59: Owners' equity
B60: Dividends | D60: 44 | F60: Fixed assets | I60: Common stock and
B61: Addition to | F61: Net plant and equipment | H61: 1800 | I61: paid-in surplus | K61: 800
B62: retained earnings | D62: =D58-D60 -> 88 | I62: Retained earnings | K62: 1000
I63: Total | K63: =K61+K62 -> 1800
F65: Total assets | H65: =H58+H61 -> 3000 | I65: Total liabilities and equity | K65: =K57+K58+K63 -> 3000
A68: In its financial planning, Rosengarten has projected that sales for the next year will be:
B70: Next year's sales | D70: 1250
A72: The percentage increase in sales and the costs as a percentage of sales for Rosengarten are:
B74: Percentage sales increase | D74: =(D70-D54)/D54 -> 0.25
B75: Costs as a percentage of sales | D75: =D55/D54 -> 0.83291139
A77: The pro forma income statement will be:
B80: ROSENGARTEN CORPORATION
B81: Pro forma
B82: Income Statement
B83: Sales | D83: =D70 -> 1250
B84: Costs | D84: =D83*D75 -> 1041.1392
B85: Taxable income | D85: =D83-D84 -> 208.86076
B86: Taxes | D86: =D85*D50 -> 43.860759
B87: Net income | D87: =D85-D86 -> 165
A90: Next, we need to calculate the pro forma dividend. Of course, this amount is up to company management, but we will assume that dividends are a constant percentage of net income. We can calculate the dividend payout ratio by dividing the dividend payment by net income.
B92: Dividend payout ratio: | E92: =D60/D58 -> 0.33333333
A94: The retention ratio is the ratio of additions to retained earnings divided by net income or one minus the dividend payout ratio.
B96: Retention ratio | E96: =D62/D58 -> 0.66666667
A98: For the next year, the pro forma dividends and additions to retained earnings will be:
B100: Dividends | E100: =E92*D87 -> 55
B101: Addition to retained earnings | E101: =E96*D87 -> 110
A103: One characteristic of the percentage of sales approach is that most accounts are assumed to be a constant percentage of sales. For example, the capital intensity ratio is the ratio of total assets to sales. In Rosengarten's case, the capital intensity ratio is:
B105: Capital intensity ratio | D105: =H65/D54 -> 3 | E105: or | F105: =D105 -> 3
A107: In the percentage of sales approach, several accounts on the liabilities side of the balance sheet are assumed to not be a constant percentage of sales. For these accounts, we use N/A to indicate they do not vary directly with sales.
B109: ROSENGARTEN CORPORATION
B110: Percentage of sales Balance Sheet
B111: Current assets | F111: Current liabilities
B112: Cash | D112: =H55/D54 -> 0.16 | F112: Accounts payable | H112: =K55/D54 -> 0.3
B113: Accounts receivable | D113: =H56/D54 -> 0.44 | F113: Notes payable | H113: N/A
B114: Inventory | D114: =H57/D54 -> 0.6 | F114: Total | H114: N/A
B115: Total | D115: =H58/D54 -> 1.2 | F115: Long-term debt | H115: N/A
F116: Owners' equity
B117: Fixed assets | F117: Common stock and
B118: Net plant and equipment | D118: =H61/D54 -> 1.8 | F118: paid-in surplus | H118: N/A
F119: Retained earnings | H119: N/A
F120: Total | H120: N/A
B122: Total assets | D122: =H65/D54 -> 3 | F122: Total liabilities and equity | H122: N/A
A125: Now we can construct a pro forma balance sheet for Rosengarten. Each of the items on the pro forma balance sheet that varies with sales is calculated as the percentage of the pro forma sales. The balance sheet items that do not vary directly with sales are held constant, except for the retained earnings account, which increases by the addition to retained earnings from the pro forma income statement.
B127: ROSENGARTEN CORPORATION
B128: Pro forma Balance Sheet
B129: Current assets | F129: Current liabilities
B130: Cash | D130: =D112*$D$83 -> 200 | F130: Accounts payable | H130: =H112*$D$83 -> 375
B131: Accounts receivable | D131: =D113*$D$83 -> 550 | F131: Notes payable | H131: =K56 -> 100
B132: Inventory | D132: =D114*$D$83 -> 750 | F132: Total | H132: =H130+H131 -> 475
B133: Total | D133: =D115*$D$83 -> 1500 | F133: Long-term debt | H133: =K58 -> 800
F134: Owners' equity
B135: Fixed assets | F135: Common stock and
B136: Net plant and equipment | D136: =D118*$D$83 -> 2250 | F136: paid-in surplus | H136: =K61 -> 800
F137: Retained earnings | H137: =K62+E101 -> 1110
F138: Total | H138: =H136+H137 -> 1910
B140: Total assets | D140: =D133+D136 -> 3750 | F140: Total liabilities and equity | H140: =H132+H133+H138 -> 3185
A143: Notice that the balance sheet does not balance. Since the total assets are higher than the total liabilities and equity, we know that Rosengarten must raise additional funds in order to support its growth. These funds are called external financing needed, and in this case will be:
B145: External financing needed | E145: =D140-H140 -> 565
A147: Now Rosengarten must fund the necessary EFN in order to grow its sales at the projected amount. How the company does this is a management decision, but one possibility would be to increase debt. We will assume that the company increases current liabilities by the same amount as the current assets. Under this assumption, the current assets and current liabilities will increase by:
B149: Current asset increase | E149: =D133-H58 -> 300
B150: Accounts payable increase | E150: =H132-K57 -> 75
...

Sheet Section 3.5
B2: Chapter 3 - Section 5
B3: External Financing and Growth
A5: External financing needed and growth are related, but we would like to examine that relationship. Below we have the financial statements for the Hoffman Company:
B7: Tax rate: | D7: 0.21
B9: HOFFMAN COMPANY | F9: HOFFMAN COMPANY
B10: Income Statement | F10: Balance Sheet
B11: Sales | D11: 500 | F11: Current assets | H11: 200 | I11: Total debt | K11: 250
B12: Costs | D12: 416 | F12: Net fixed assets | H12: 300 | I12: Owners' equity | K12: 250
B13: Taxable income | D13: =D11-D12 -> 84 | F13: Total assets | H13: =H11+H12 -> 500 | I13: Total liabilities and equity | K13: =K11+K12 -> 500
B14: Taxes | D14: =D13*D7 -> 17.64
B15: Net income | D15: =D13-D14 -> 66.36
B17: Dividends | D17: 22
B18: Addition to
B19: retained earnings | D19: =D15-D17 -> 44.36
A22: So what is the EFN? Using the input cell below for the projected sales increase, we can construct the pro forma financial statements as well as the EFN.
B24: Projected sales increase | E24: 0.2
B25: Dividend payout ratio | E25: =D17/D15 -> 0.33152502
B26: Retention ratio | E26: =1-E25 -> 0.66847498
B29: HOFFMAN COMPANY | F29: HOFFMAN COMPANY
B30: Pro forma Income Statement | F30: Pro forma Balance Sheet
B32: Sales | D32: =D11*(1+$E$24) -> 600 | F32: Current assets | H32: =H11*(1+E24) -> 240 | I32: Total debt | K32: =K11 -> 250
B33: Costs | D33: =D12*(1+E24) -> 499.2 | F33: Net fixed assets | H33: =H12*(1+E24) -> 360 | I33: Owners' equity | K33: =K12+D40 -> 303.232
B34: Taxable income | D34: =D32-D33 -> 100.8 | F34: Total assets | H34: =H32+H33 -> 600 | I34: Total liabilities and equity | K34: =K32+K33 -> 553.232
B35: Taxes | D35: =D34*D7 -> 21.168
B36: Net income | D36: =D34-D35 -> 79.632
B38: Dividends | D38: =D36*E25 -> 26.4
B39: Addition to
B40: retained earnings | D40: =D36-D38 -> 53.232
B43: So the EFN is: | G43: =H34-K34 -> 46.768
B44: The increase in assets is: | G44: =H34-H13 -> 100
B45: Assuming Hoffman wishes to issue no new equity, the new total debt is: | G45: =K32+G43 -> 296.768
B46: And the new debt-equity ratio will be: | G46: =G45/K33 -> 0.97868299
A48: RWJ Excel Tip
A49: Suppose we want to examine what will happen to Hoffman for different growth rates. One way to accomplish this is to use a data table. Below we have constructed a one-way data table in Excel. The first column, which shows the growth rates we would like to examine, are all inputs. In the row above the first growth rate, we made the cells equal to the cells containing the output we would like, namely the increase in assets, addition to retained earnings, EFN, and projected debt-equity ratio. Excel automatically recalculates all of the numbers based on the values in the projected growth rate column and puts them in the table. Notice that the row below the headers is blank. But, if you go to the cells, the values in the cell will be displayed. From an aesthetic point of view, we didn't like this row showing in the data table, so we went to "Format Cells" and under the "Custom" option, we entered a semicolon ( ; ). This formatting hides what is in the cells from the display, but leaves any formulas or values in the cell and allows you to see what is entered in the cell only when you select that cell.
E52: Increase in assets | F52: Addition to retained earnings | G52: External financing needed (EFN) | H52: Projected debt-equity ratio
E53: =G44 -> 100 | F53: =D40 -> 53.232 | G53: =G43 -> 46.768 | H53: =G46 -> 0.97868299
D54: 0 | E54: 0 | F54: 44.36 | G54: -44.36 | H54: 0.69860035
D55: 0.05 | E55: 25 | F55: 46.578 | G55: -21.578 | H55: 0.77019199
D56: 0.1 | E56: 50 | F56: 48.796 | G56: 1.204 | H56: 0.84072076
D57: 0.15 | E57: 75 | F57: 51.014 | G57: 23.986 | H57: 0.91021016
D58: 0.2 | E58: 100 | F58: 53.232 | G58: 46.768 | H58: 0.97868299
D59: 0.25 | E59: 125 | F59: 55.45 | G59: 69.55 | H59: 1.0461614
A61: Suppose we wanted to graph the projected retained earnings and increased fixed assets for different growth rates. Using the graphing function, we get the following graph, which replicates Figure 3.1 in the textbook:
A85: RWJ Excel Tip
A86: To create this graph, we selected the three columns of data we wanted to graph (growth rate, increase in assets, and addition to retained earnings), including the headers, and went to "Insert" and then selected the "Line" option for a line graph. Excel automatically uses the headers as the legend on the right-hand side of the graph. We then decided to make the graph more presentable using some of the various options available. For example, to get the colored background, we right-clicked on the chart itself, selected "Format Plot Area," and then selected "Gradient fill." We then used one of the preset colors to put the background color in the chart. To create the text boxes, under the "Insert" menu we used "Text Box" and inserted a text box. Right-clicking on the text box itself brings up a menu which gives you choices such as the background color of the text box. Finally, the lines pointing to the internal growth rate on the graph were created under the "Insert" menu by choosing "Shapes." Excel has options available to make graphs look better. Try some out for yourself and remember that if you try something that you don't like, you can always undo it by clicking the undo arrow on the ribbon.
A89: We decided to create a graph of the company's EFN as well. Below is the graph showing the EFN for different sales growth rates. Again, we applied background color and text boxes.
A111: RWJ Excel Tip
A112: Creating this graph is a little more difficult since the data we want to graph is not in side-by-side columns. To select the columns we wanted, we highlighted the growth rates, then clicked and held "Ctrl." This will allow you to select another column to graph. Also, notice that the edges of the graph are beveled. For this option, we right-clicked on the chart itself, selected "Format plot area," and then selected "3-D Format."
A115: In long-range financial planning, two growth rates that are of particular interest are the internal growth rate and the sustainable growth rate. The internal growth rate is the maximum growth rate that can be achieved without external financing of any type. For the Hoffman Company, the internal growth rate is:
B117: ROA | E117: =D15/H13 -> 0.13272
B118: Internal growth rate | E118: =(E117*E26)/(1-(E117*E26)) -> 0.097357563
A120: The sustainable growth rate is the maximum growth rate a company can achieve while maintaining a constant debt-equity ratio. For the Hoffman Company, the sustainable growth rate is:
B122: ROE | E122: =D15/K12 -> 0.26544
B123: Sustainable growth rate | E123: =(E122*E26)/(1-E26*E122) -> 0.21571679

Sheet Master It!
B2: Chapter 3 - Master It!
B4: Financial planning can be more complex than the percentage of sales approach. Often, the assumptions behind the percentage of sales approach may be incorrect. For example, if the amount of fixed assets increases, then depreciation will increase. A more sophisticated model allows these input variables to vary rather than being a strict percentage of sales.
B6: This model uses new borrowing as the plug variable by setting total liabilities and owners’ equity equal to total assets. Next, the ending amount of owners’ equity is calculated as the beginning amount plus the additions to retained earnings. The difference between these amounts is the total debt necessary to balance the balance sheet.
B8: The main difference between this model and the percentage of sales approach is that we have separated out depreciation and interest. Depreciation is calculated as a percentage of beginning fixed assets, and the amount of interest depends on the amount of debt. However, since depreciation and interest now do not necessarily vary directly with sales, the profit margin is no longer constant.
B10: The model parameters can be based on a percentage of sales model, or they can be determined by other means the company deems appropriate. For example, they might be based on average values for the last several years, industry standards, subjective estimates, or even company targets. Alternatively, sophisticated statistical techniques can be used to estimate them.
B12: The parameter estimates used in this calculation of pro forma financial statements are:
C14: Cost percentage = Costs/Sales
C15: Depreciation rate = Depreciation/Beginning fixed assets
C16: Interest rate = Interest paid/Total debt
C17: Tax rate = Taxes/Net income
C18: Payout ratio = Dividends/Net income
C19: Capital intensity ratio = Fixed assets/Sales
B21: The Yasmin Company is preparing its pro forma financial statements for the next year using this model. The abbreviated financial statements are presented below.
B23: Sales growth | D23: 0.2
B24: Tax rate | D24: 0.21
B26: Income Statement
B27: Sales | D27: 780000
B28: Costs | D28: 441658.23
B29: Depreciation | D29: 135000
B30: Interest | D30: 68000
B31: Taxable income | D31: =D27-D28-D29-D30 -> 135341.77
B32: Taxes | D32: =D31*D24 -> 28421.772
B33: Net income | D33: =D31-D32 -> 106920
B35: Dividends | D35: 30000
B36: Additions to
B37: retained earnings | D37: =D33-D35 -> 76920
B40: Balance Sheet
B41: Assets | F41: Liabilities and Equity
B42: Current assets | D42: 240000 | F42: Total debt | H42: 880000
B43: Net fixed assets | D43: 1350000 | F43: Owners' equity | H43: 710000
B44: Total assets | D44: =D42+D43 -> 1590000 | F44: Total debt and equity | H44: =H42+H43 -> 1590000
A48: a. | B48: Calculate each of the parameters necessary to construct the pro forma balance sheet.
A50: b. | B50: Construct the pro forma balance sheet. What is the total debt necessary to balance the pro forma balance sheet?
A52: c. | B52: In this financial planning model, show that it is possible to solve algebraically for the amount of new borrowing.
A55: RWJ Excel Tip
A56: Notice that the solution to this problem requires the use of circular logic. The addition to retained earnings depends on the net income, which depends on the interest rate, which depends on the level of debt, which depends on the addition to retained earnings. When you enter the formulas in the spreadsheet, you will get a "Circular Reference" error. However, Excel can often solve problems that contain circular references. Click the File tab then "Options", then "Formulas." On the right-hand side, you should see a box that says "Enable iterative calculation." Clicking this box will cause Excel to recalculate the formulas until the number of iterations set by you are completed, or the change in the value of the final answer is less than the "Maximum Change" you set. Note that the preset in Excel is 0.001, which is 0.1%. Two notes about iterative calculations: First, when you save the spreadsheet, it will save this option with the spreadsheet, so you should not have to reset this option later when you reopen the spreadsheet. Second, Excel can only do calculations iteratively or one time simultaneously. What this means is that if you open a spreadsheet without iterative calculations, then open a spreadsheet with iterative calculations, the dominant spreadsheet is the one opened without iterative calculations. In other words, whichever spreadsheet is opened first tells Excel how to handle calculations.

Sheet Solution
B2: Master It! Solution
A4: a. | B4: Calculate the following ratios for financial planning:
B6: Cost percentage
B7: Depreciation percentage
B8: Interest rate
B9: Tax rate
B10: Payout ratio
B11: Fixed assets/Total assets
B12: Capital intensity ratio
A14: b. | B14: Construct the pro forma financial statements using the parameters you calculated. Your pro forma balance sheet should balance.
B16: Yasmin Company
B17: Pro forma Income Statement
B19: Sales
B20: Costs
B21: Depreciation
B22: Interest
B23: Taxable income
B24: Taxes
B25: Net income
B27: Dividends
B28: Additions to
B29: retained earnings
... B33: Pro forma Balance Sheet
B35: Assets | F35: Liabilities and Equity
B36: Current assets | F36: Total debt
B37: Net fixed assets | F37: Owners' equity
B38: Total assets | F38: Total debt and equity
